 Dungeon Crawl Stone Soup version 0.22-a0-223-g0f5d773 (webtiles) character file.

137 kuniqs the Shield-Bearer (level 5, -2/47 HPs)
             Began as a Minotaur Fighter on Feb 18, 2018.
             Was a Follower of Makhleb.
             Killed from afar by an orc wizard (8 damage)
             ... with a magic dart
             ... on level 3 of the Dungeon.
             The game lasted 00:02:33 (1534 turns).

kuniqs the Shield-Bearer (Minotaur Fighter)         Turns: 1534, Time: 00:02:33

Health: -2/47      AC: 10    Str: 20    XL:     5   Next: 0%
Magic:  4/4        EV: 11    Int:  5    God:    Makhleb [*.....]
Gold:   91         SH: 10    Dex: 16    Spells: 4/4 levels left

rFire    . . .     SeeInvis .   a - +0 war axe
rCold    . . .     Gourm    .   c - +0 shield
rNeg     . . .     Faith    .   j - +0 chain mail
rPois    .         Spirit   .   (helmet restricted)
rElec    .         Reflect  .   (no cloak)
rCorr    .         Harm     .   o - +0 pair of gloves
MR       .....                  (no boots)
Stlth    ..........             (no amulet)
HPRegen  0.15/turn              (no ring)
MPRegen  0.09/turn              (no ring)

@: agile
A: retaliatory headbutt, horns 2
a: Renounce Religion


You were on level 3 of the Dungeon.
You worshipped Makhleb.
Makhleb was aware of your devotion.
You were not hungry.

You visited 1 branch of the dungeon, and saw 3 of its levels.

You collected 91 gold pieces.

Inventory:

Hand Weapons
 a - a +0 war axe (weapon)
Armour
 c - a +0 shield (worn)
 j - a +0 chain mail (worn)
 o - a +0 pair of gloves (worn)
Scrolls
 h - a scroll of immolation {unknown}
 k - a scroll of enchant armour {unknown}
 l - a scroll of magic mapping {unknown}
 m - a scroll of blinking {unknown}
 p - a scroll of remove curse {unknown}
 r - a scroll of enchant weapon {unknown}
 s - a scroll of amnesia {unknown}
Potions
 d - a potion of might
 e - a potion of degeneration {unknown}
 g - a potion of heal wounds {unknown}
 i - a potion of berserk rage {unknown}
 q - a potion of invisibility {unknown}
 t - a potion of flight {unknown}
Comestibles
 b - 18 chunks of flesh
 f - 5 rations


   Skills:
 + Level 4.3 Fighting
 + Level 3.4 Axes
 + Level 4.4 Armour
 + Level 1.9 Dodging
 + Level 4.4 Shields
 + Level 1.1 Invocations


You had 4 spell levels left.
You didn't know any spells.

Dungeon Overview and Level Annotations

Branches:
Dungeon (3/15)

Altars:
Gozag
Makhleb
Okawaru
Vehumet
Zin
The Shining One


Innate Abilities, Weirdness & Mutations

You reflexively headbutt those who attack you in melee.
You have a pair of horns on your head.


Message History

You block the orc's attack.
The orc priest calls down the wrath of Beogh upon you.
Beogh smites you!
* * * LOW HITPOINT WARNING * * *
The orc wizard casts a spell.
The orc wizard blinks!
The orc hits you but does no damage.
You slash the orc priest!
You kill the orc priest!
Makhleb accepts your kill.
Your Invocations skill increases to level 1!
You have reached level 5!
Your shield and chain mail prevent you from hitting the orc.
You hit the orc. You block the orc's attack.
The orc hits you but does no damage.
The orc wizard mumbles some strange words.
The orc wizard blinks!
You block the orc's attack.
You feel agile all of a sudden.
The orc wizard gestures at you while chanting.
The magic dart hits you!
You die...

# ..# ##..# ## ##..# . ..
+...### .## #) ##.........
#.#########
##..###..#####.o).......
...............o@.§.####
.........#####.#.....$..
.#...............#######.
....###..#.###.#o........
.#..###..#.# #.#.#######.
.#<........###.#.#######.#
.+.......................#
.#..#.#.##.###÷#.#.#####.
............^......#


You could see an orc wizard and 2 orcs.

Vanquished Creatures
  An orc priest (D:3)
  Robin (D:3)
  2 adders (D:3)
  2 oozes
  A worm (D:2)
  2 dart slugs
  2 leopard geckos (D:2)
  2 orcs (D:3)
  A ball python (D:2)
  8 bats
  2 giant cockroaches (D:2)
  15 goblins
  5 hobgoblins
  3 jackals (D:3)
  5 kobolds
  A frilled lizard (D:2)
  6 rats
59 creatures vanquished.

Notes
Turn   | Place    | Note
-------+----------+-------------------------------------------
     0 | D:1      | kuniqs the Minotaur Fighter began the quest for the Orb.
     0 | D:1      | Reached XP level 1. HP: 19/19 MP: 0/0
   115 | D:1      | Found an iron altar of Okawaru.
   174 | D:1      | Reached XP level 2. HP: 26/27 MP: 1/1
   486 | D:2      | Reached skill level 1 in Dodging
   673 | D:2      | Reached XP level 3. HP: 31/33 MP: 2/2
   893 | D:2      | Found an opulent altar of Gozag.
   893 | D:2      | Found a glowing silver altar of Zin.
   898 | D:2      | Found a burning altar of Makhleb.
   900 | D:2      | Found a glowing golden altar of the Shining One.
   901 | D:2      | Found a radiant altar of Vehumet.
   904 | D:2      | Became a worshipper of Makhleb the Destroyer
  1358 | D:3      | Reached XP level 4. HP: 40/40 MP: 3/3
  1441 | D:3      | Noticed Robin
  1448 | D:3      | Reached * piety under Makhleb
  1453 | D:3      | Killed Robin
  1533 | D:3      | Reached skill level 1 in Invocations
  1533 | D:3      | Reached XP level 5. HP: 6/47 MP: 4/4
  1534 | D:3      | Killed from afar by an orc wizard

Vault maps used:
D:1:      grunt_arrival_crossed_arrows, okawaru_ov_weapons_minmay
D:2:      chequers_temple_overflow_minitemple
D:3:      uniq_robin

Skill      XL: |  1  2  3  4 |
---------------+-------------+-----
Dodging        | 1 |  1.9
Shields        | 4 |  4.4
Fighting       | 4 |  4.3
Armour         | 4 |  4.4
Axes           | 3 |  3.4
Invocations    | 1 |  1.1

Action                   |  1- 3 |  4- 6 || total
-------------------------+-------+-------++-------
Melee: War axe           |    92 |    44 ||   136
       Headbutt          |    17 |     8 ||    25
  Use: Potion            |       |     1 ||     1
  Eat: Chunk             |     2 |       ||     2
Armor: Scale mail        |    49 |       ||    49
       Chain mail        |     9 |    27 ||    36
Dodge: Dodged            |    34 |    18 ||    52
Block: Shield            |    55 |    31 ||    86

Table legend:
 A = Spawn XP
 B = Non-spawn XP
 C = Spawn XP percentage of total XP
 D = Spawn monster count
 E = Non-spawn monster count
 F = Spawn count percentage of total count
 G = Total turns spent on level
                    A         B        C        D         E        F      G
               +---------+---------+-------+---------+---------+-------+---------
         Total |       0 |     196 |   0.0 |       0 |      59 |   0.0 |  1534
               +---------+---------+-------+---------+---------+-------+---------
           D:1 |       0 |      26 |   0.0 |       0 |      12 |   0.0 |   457
           D:2 |       0 |      43 |   0.0 |       0 |      23 |   0.0 |   752
           D:3 |       0 |     127 |   0.0 |       0 |      24 |   0.0 |   325
               +---------+---------+-------+---------+---------+-------+---------
